 Dungeon Crawl Stone Soup version 0.24.0-10-g970556be89 (webtiles) character file.

Game seed: 5907420466694067726, levelgen mode: deterministic

264 Majang the Digger (level 5, -2/29 HPs)
             Began as a Deep Elf Earth Elementalist on Nov 3, 2019.
             Slain by an iguana (12 damage)
             ... on level 4 of the Dungeon.
             The game lasted 00:22:02 (5004 turns).

Majang the Digger (Deep Elf Earth Elementalist)     Turns: 5004, Time: 00:22:02

Health: -2/29      AC:  4    Str:  0    XL:     5   Next: 98%
Magic:  9/13       EV: 13    Int: 21    God:
Gold:   165        SH:  0    Dex: 15    Spells: 1/12 levels left

rFire    . . .     SeeInvis .   n - staff of earth
rCold    . . .     Gourm    .   (no shield)
rNeg     . . .     Faith    .   c - +0 robe
rPois    +         Spirit   .   (no helmet)
rElec    .         Reflect  .   g - +0 cloak
rCorr    .         Harm     .   p - +0 pair of gloves
MR       .....                  (no boots)
Stlth    ++........             (no amulet)
HPRegen  0.02/turn              k - ring of poison resistance
MPRegen  0.13/turn              w - -5 ring of strength (curse)

@: slowed, lost strength, very slow
A: no striking features
a: no special abilities


You were on level 4 of the Dungeon.
You were not hungry.

You visited 1 branch of the dungeon, and saw 4 of its levels.

You collected 165 gold pieces.

Inventory:

Hand Weapons
 e - a +1 club
Missiles
 b - 48 stones (quivered)
Armour
 c - a +0 robe (worn)
 g - a +0 cloak (worn)
 p - a +0 pair of gloves (worn)
Magical Staves
 l - an uncursed staff of power
 n - an uncursed staff of earth (weapon)
Jewellery
 k - a ring of poison resistance (left hand)
 v - an uncursed ring of positive energy
 w - a cursed -5 ring of strength (right hand)
Wands
 u - a wand of polymorph (7)
Scrolls
 f - a scroll of enchant weapon
 i - 2 scrolls of fog
 m - 2 scrolls of teleportation
Potions
 a - 4 potions of flight
 h - a potion of haste {unknown}
 j - a potion of agility {unknown}
 o - a potion of mutation {unknown}
 q - a potion of heal wounds {unknown}
 r - a potion of curing {unknown}
 t - 2 potions of might {unknown}
Comestibles
 d - 5 rations


   Skills:
 + Level 1.2 Fighting
 + Level 1.5 Staves
 + Level 3.2 Dodging
 - Level 2.4 Stealth
 + Level 4.3 Spellcasting
 + Level 1.7 Conjurations
 + Level 2.2 Transmutations
 * Level 4.8 Earth Magic
 + Level 1.0 Evocations


You had one spell level left.
You knew the following spells:

 Your Spells              Type           Power        Failure   Level  Hunger
a - Sandblast             Erth           #####.       1%          1    None
b - Stone Arrow           Conj/Erth      ####..       9%          3    ##.....
l - Lee's Rapid Deconstr  Erth           #####.....   41%         5    ######.
w - Passwall              Tmut/Erth      ####....     4%          2    #......

Your spell library contained the following spells:

 Spells                   Type           Power        Failure   Level  Hunger
 Magic Dart               Conj           ##..         6%          1    None
 Blink                    Tloc           N/A          19%         2    #......
 Call Imp                 Summ           #.......     19%         2    #......
 Slow                     Hex            #.......     19%         2    #......
 Conjure Flame            Conj/Fire      #.......     24%         3    ##.....
 Petrify                  Tmut/Erth      ####....     26%         4    ####...
 Mephitic Cloud           Conj/Pois/Air  #.......     28%         3    ##.....


Dungeon Overview and Level Annotations

Branches:
Dungeon (4/15)
 Temple: D:4-7

Altars:
Qazlal
Yredelemnul


Message History

The iguana misses you. The iguana bites you!
Casting: Sandblast (safe; 1% risk of failure)
Confirm with . or Enter, or press ? or * to list all spells.
Aiming: Sandblast (safe; 1% risk of failure)
Press: ? - help, Shift-Dir - straight line, f/p - iguana
Aim: an iguana (severely wounded)
You feel a surge of power!
The blast of sand hits the iguana but does no damage.
The iguana is severely wounded.
b - 49 stones The iguana bites you!
Casting: Sandblast (safe; 1% risk of failure)
Confirm with . or Enter, or press ? or * to list all spells.
Aiming: Sandblast (safe; 1% risk of failure)
Press: ? - help, Shift-Dir - straight line, f/p - iguana
Aim: an iguana (severely wounded)
You feel a surge of power!
The blast of sand misses the iguana.
b - 48 stones The iguana bites you!
You die...

#.## .....##### #
.........# # #........#
.... #. # #........#
...$.. #.## #.....)..#
...... #...
#......?.###...... .#.
#......l.......... .. #.
#......@........# . #.
#...............## #.
#................. #.
#...........####. ##
#.............# ###
#.............# ...
#.............#
.....................#
....#######.#####....####


You could see an iguana.

Vanquished Creatures
  A bullfrog skeleton (D:3)
  Natasha (twice) (D:4)
  4 gnolls (D:3)
  5 adders
  3 oozes
  A dart slug (D:2)
  3 leopard geckos
  13 orcs
  4 giant cockroaches
  7 hobgoblins
  10 jackals
  A kobold (D:3)
  3 quokkas
  5 bats
  2 frilled lizards
  3 goblins (D:2)
  A quokka skeleton (D:4)
  7 rats
75 creatures vanquished.

Notes
Turn   | Place    | Note
-------+----------+-------------------------------------------
     0 | D:1      | Majang the Deep Elf Earth Elementalist began the quest for
                  | the Orb.
     0 | D:1      | Reached XP level 1. HP: 10/10 MP: 6/6
  1233 | D:2      | Reached XP level 2. HP: 7/15 MP: 5/8
  1530 | D:2      | Learned a level 2 spell: Passwall
  1824 | D:2      | Reached XP level 3. HP: 20/20 MP: 10/10
  1836 | D:2      | Learned a level 3 spell: Stone Arrow
  1878 | D:2      | Found a stormy altar of Qazlal.
  2406 | D:2      | Reached XP level 4. HP: 14/24 MP: 4/11
  3060 | D:3      | Found a basalt altar of Yredelemnul.
  3194 | D:3      | Reached skill level 1 in Staves
  3293 | D:3      | Reached skill level 1 in Conjurations
  3401 | D:3      | Reached XP level 5. HP: 28/28 MP: 4/13
  3408 | D:3      | Learned a level 5 spell: Lee's Rapid Deconstruction
  3524 | D:3      | Lost strength.
  3614 | D:3      | Reached skill level 1 in Fighting
  4533 | D:4      | Noticed Natasha
  4538 | D:4      | Killed Natasha
  4604 | D:4      | Noticed Natasha
  4608 | D:4      | Killed Natasha
  4939 | D:4      | Reached skill level 1 in Evocations
  5004 | D:4      | Slain by an iguana

Levels and vault maps discovered:
D:1:      erik_arrival_triangle_medium, layout_basic
D:2:      layout_rooms, grunt_qazlal_clouds, kennysheep_boxes
D:3:      layout_basic, nicolae_overflow_hidden_temple
D:4:      layout_basic, first_ration, uniq_duvessa, uniq_natasha

Skill      XL: |  1  2  3  4  5 |
---------------+----------------+-----
Earth Magic    | 4 |  4.8
Staves         | 1 |  1.5
Spellcasting   | 4 |  4.3
Conjurations   | 1 |  1.7
Fighting       | 1 |  1.2
Dodging        | 3 |  3.2
Transmutations | 2 |  2.2
Evocations     | 1 |  1.0
Stealth        | |  2.4

Action                   |  1- 3 |  4- 6 || total
-------------------------+-------+-------++-------
Melee: Unarmed           |    14 |       ||    14
       Dagger            |    13 |       ||    13
       Club              |     7 |       ||     7
       Staff             |    22 |       ||    22
 Cast: Sandblast         |    28 |    30 ||    58
       Stone Arrow       |     5 |    33 ||    38
  Use: Scroll            |       |     8 ||     8
 Stab: Sleeping          |     1 |       ||     1
  Eat: Chunk             |     5 |    13 ||    18
Armor: Robe              |    14 |     1 ||    15
Dodge: Dodged            |    42 |     5 ||    47
